 Dungeon Crawl Stone Soup version 0.28.0-53-g5a82cb258f (webtiles) character file.

Game seed: 9942686527786173857

16 nicanaca0 the Chopper (level 2, 19/26 HPs)
             Began as a Minotaur Berserker on June 27, 2022.
             Was a Follower of Trog.
             Quit the game on level 1 of the Dungeon on Nov 19, 2022.
             The game lasted 00:02:14 (422 turns).

nicanaca0 the Chopper (Minotaur Berserker)           Turns: 422, Time: 00:02:14

Health: 19/26      AC:  2    Str: 21    XL:     2   Next: 41%
Magic:  1/1        EV: 12    Int:  4    God:    Trog [*.....]
Gold:   7          SH:  0    Dex:  9    Spells: 1/1 levels left

rFire   . . .      SeeInvis .   a - +0 hand axe
rCold   . . .      Faith    .   (no shield)
rNeg    . . .      Spirit   .   b - +0 animal skin
rPois   .          Reflect  .   (helmet restricted)
rElec   .          Harm     .   (no cloak)
rCorr   .          Rampage  .   (no gloves)
Will    .....                   (no boots)
Stlth   +.........              (no amulet)
HPRegen 0.08/turn               (no ring)
MPRegen 0.07/turn               (no ring)

@: no status effects
A: horns 2, retaliatory headbutt
a: Renounce Religion, Berserk


You were on level 1 of the Dungeon.
You worshipped Trog.
Trog was aware of your devotion.
You visited 1 branch of the dungeon, and saw 1 of its levels.

You collected 7 gold pieces.

Inventory:

Hand Weapons
 a - a +0 hand axe (weapon)
Armour
 b - a +0 animal skin (worn)
Potions
 c - a potion of resistance {unknown}
 d - 2 potions of attraction {unknown}


   Skills:
 - Level 3.6 Fighting
 * Level 4.7 Axes
 - Level 2.4 Armour
 - Level 2.1 Dodging


You had one spell level left.
You didn't know any spells.
Your spell library was empty.

Dungeon Overview and Level Annotations

Branches:
Dungeon (1/15)

Altars:


Innate Abilities, Weirdness & Mutations

You have a pair of horns on your head.
You reflexively headbutt those who attack you in melee.


Message History

Welcome back, nicanaca0 the Minotaur Berserker.
Trog says: Kill them all!
Press ? for a list of commands and other information.
Options error: Delay interrupt name "hungry" not recognised. (~/.crawlrc:102) Welcome back, nicanaca0 the Minotaur Berserker.
Trog says: Kill them all!
Press ? for a list of commands and other information.
Options error: Delay interrupt name "hungry" not recognised. (~/.crawlrc:102) Welcome back, nicanaca0 the Minotaur Berserker.
Trog says: Kill them all!
Press ? for a list of commands and other information.
Options error: Delay interrupt name "hungry" not recognised. (~/.crawlrc:102) Welcome back, nicanaca0 the Minotaur Berserker.
Trog says: Kill them all!
Press ? for a list of commands and other information.
You hit the goblin.
The goblin is severely wounded.
You closely miss the quokka. You barely miss the rat. The goblin misses you.
The quokka bites you but does no damage.
The rat closely misses you.
You hit the goblin.
You kill the goblin!
Trog accepts your kill.
You hit the rat.
You kill the rat!
Trog accepts your kill.
You closely miss the quokka.
The quokka bites you but does no damage.
The quokka closely misses you. You furiously retaliate!
You headbutt the quokka!
You kill the quokka!
Trog accepts your kill.
Things that are here:
a +0 club; a goblin corpse Saving game... please wait.
Options error: Delay interrupt name "hungry" not recognised. (~/.crawlrc:102) Welcome back, nicanaca0 the Minotaur Berserker.
Trog says: Kill them all!
Press ? for a list of commands and other information.
Are you sure you want to abandon this character and quit the game? (Confirm with "yes".)

#.##.# #.
#..#.# #.
##.#.# #.
#...# #.
#..## #. #..#
####.#####..#
#.....†...#.#
#...>@)...###
#.........#
#.........#
#.........#
#.........#
###########


There were no monsters in sight!

Vanquished Creatures
  A dart slug (D:1)
  A ball python (D:1)
  3 bats (D:1)
  A goblin (D:1)
  3 jackals (D:1)
  2 kobolds (D:1)
  A quokka (D:1)
  A rat (D:1)
13 creatures vanquished.

Notes
Turn   | Place    | Note
-------+----------+-------------------------------------------
     0 | D:1      | nicanaca0 the Minotaur Berserker began the quest for the
                  | Orb.
     0 | D:1      | Reached XP level 1. HP: 19/19 MP: 0/0
    17 | D:1      | Reached skill level 4 in Axes
   221 | D:1      | Reached XP level 2. HP: 23/26 MP: 1/1
   422 | D:1      | Quit the game

Illustrated notes

Levels and vault maps discovered:
D:1:      minmay_arrival_open_corners, layout_rooms

Skill      XL: |  1 |
---------------+----+-----
Axes           | 4 |  4.7
Fighting       | |  3.6
Armour         | |  2.4
Dodging        | |  2.1

Action                   || total
-------------------------++-------
Melee: Hand axe          ||    20
       Headbutt          ||     1
Armor: Animal skin       ||     6
Dodge: Dodged            ||    36
